 Dungeon Crawl Stone Soup version 0.30.1-9-gdf580d7c3d (webtiles) character file.

Game seed: 5553518148909591854

40877 eliilek the Basher (level 13, -3/109 HPs)
             Began as a Demonspawn Berserker on Oct 3, 2023.
             Was a High Priest of Trog.
             Slain by a death yak (17 damage)
             ... on level 5 of the Lair of Beasts on Oct 5, 2023.
             The game lasted 00:48:10 (16330 turns).

eliilek the Basher (Demonspawn Berserker)          Turns: 16330, Time: 00:48:11

Health: -3/109     AC: 24    Str: 23    XL:     13   Next: 77%
Magic:  13/13      EV:  9    Int: 14    God:    Trog [*****.]
Gold:   1074       SH:  0    Dex: 13    Spells: 12/12 levels left

rFire   + . .        a - +2 great mace (heavy)
rCold   + . .        (shield currently unavailable)
rNeg    . . .        C - +1 plate armour {rF+}
rPois   .            (helmet restricted)
rElec   .            b - +2 cloak
rCorr   .            q - +2 pair of gloves
SInv    .            d - +0 pair of boots
Will    .....        K - amulet of the acrobat Stlth
                     o - ring of flight
HPRegen 0.38/turn    y - ring of protection from cold
MPRegen 0.13/turn

%: acrobat, wizardry (x1)
@: flying
A: horns 2, demonic guardian 1, ignite blood 2, big brain 3
a: Renounce Religion, Berserk, Trog's Hand, Brothers in Arms


You were on level 5 of the Lair of Beasts.
You worshipped Trog.
Trog was extremely pleased with you.
You visited 2 branches of the dungeon, and saw 15 of its levels.
You also visited: Sewer and Bailey.

You collected 1389 gold pieces.
You spent 315 gold pieces at shops.

Inventory:

Hand Weapons
 a - a +2 heavy great mace (weapon)
Missiles
 e - 6 atropa-tipped darts
 g - 49 poisoned darts (quivered)
 u - a throwing net
 G - 16 curare-tipped darts
Armour
 b - a +2 cloak (worn)
 d - a +0 pair of boots (worn)
 q - a +2 pair of gloves (worn)
 C - a +1 plate armour of fire resistance (worn)
Jewellery
 o - a ring of flight (left hand)
 y - a ring of protection from cold (right hand)
 F - a ring of protection from cold
 K - an amulet of the acrobat (around neck)
Wands
 c - a wand of mindburst (15)
 l - a wand of iceblast (45)
 s - a wand of polymorph (6)
 w - a wand of paralysis (15)
 E - a wand of quicksilver (7)
 I - a wand of flame (6)
Scrolls
 h - 2 scrolls of magic mapping
 j - 7 scrolls of teleportation
 m - 6 scrolls of fear
 z - 6 scrolls of enchant armour
 B - 2 scrolls of blinking
 H - a scroll of brand weapon
Potions
 f - 2 potions of experience
 i - 4 potions of flight
 k - 3 potions of might
 n - 2 potions of cancellation
 p - 5 potions of haste
 r - 5 potions of resistance
 t - 4 potions of curing
 v - a potion of berserk rage
 x - 3 potions of mutation
 A - 3 potions of invisibility
 D - a potion of heal wounds


   Skills:
 + Level 12.5 Fighting
 + Level 14.8 Maces & Flails
 + Level 11.2 Armour
 + Level 6.6 Dodging


You had 12 spell levels left.
You didn't know any spells.
Your spell library was empty.

Dungeon Overview and Level Annotations

Branches:
Dungeon (10/15)            Temple (0/1) D:4            Lair (5/5) D:10
 Shoals (0/4) Lair:2       Spider (0/4) Lair:2        Sewer (visited)
 Bailey (visited)
  Slime: Lair:4-5       Orc: D:9-12

Altars:
Ashenzari
Dithmenos
Nemelex Xobeh
Okawaru
Trog
Uskayaw
Vehumet
Wu Jian
Xom

Shops:
D:4 (   D:6 (?*   D:10 ((*(


Innate Abilities, Weirdness & Mutations

You have a pair of horns on your head.
A weak demonic guardian rushes to your aid.
Your demonic aura often causes spilled blood to erupt in flames.
You have an absolutely massive brain. (Int +6, Wiz)


Message History

* * * LOW HITPOINT WARNING * * *
The death yak gores you but does no damage.
The death yak gores you!
* * * LOW HITPOINT WARNING * * *
The death yak attacks as you move away! The death yak gores you!
* * * LOW HITPOINT WARNING * * *
The death yak attacks as you move away! The death yak gores you.
* * * LOW HITPOINT WARNING * * *
The death yak is engulfed in blazing flames.
Okay, then.
The death yak is engulfed in blazing flames.
You feel much better.
The death yak gores you but does no damage.
The death yak attacks as you move away! The death yak completely misses you.
The death yak attacks as you move away! The death yak misses you.
The death yak attacks as you move away! The death yak gores you!
* * * LOW HITPOINT WARNING * * *
The death yak attacks as you move away! The death yak barely misses you.
The death yak attacks as you move away!
The death yak gores you but does no damage.
Things that are here:
a +0 rapier; a +0 robe; a +0 buckler The death yak attacks as you move away!
The death yak gores you but does no damage.
The death yak attacks as you move away! The death yak misses you.
Things that are here:
a +0 rapier; a +0 robe; a spriggan skeleton The death yak attacks as you move away!
The death yak misses you. The death yak attacks as you move away!
The death yak barely misses you.
You see here a wolf skeleton.
The death yak attacks as you move away! The death yak completely misses you.
You see here a wolf skeleton.
The death yak attacks as you move away! The death yak completely misses you.
Your stone giant goes berserk!
A boggart comes into view.
The death yak gores you!
* * * LOW HITPOINT WARNING * * *
A demonic guardian appears!
The death yak attacks as you move away! The death yak gores you!
You die...

♣♣Y♣♣♣♣♣♣♣♣♣♣♣ ♣......
♣..♣ ♣♣♣♣♣♣ ♣♣♣♣...Y†♣
♣♣.Y♣♣♣....♣ ♣....T♣.♣♣
♣).♣♣♣)....♣
♣♣...♣...♣♣ ♣..♣
♣♣....♣ ♣♣...♣♣♣♣♣Y.Y
♣)♣♣ ♣♣..♣♣♣♣.)♣ ♣♣..Y
♣.♣♣ ♣♣C.♣....♣ ♣.Y
♣Y÷♣ ♣♣♣♣.÷.g)♣♣♣♣♣ ♣♣
♣♣÷♣♣♣♣.YY@..♣.....♣♣♣♣
♣..♣♣Y.4.♣♣♣♣♣♣♣♣..♣.♣♣
♣♣..Y.♣♣♣♣ ♣♣♣...♣
♣♣..♣♣ ♣..#♣ ♣....♣
♣♣♣.## ♣♣...♣ ♣♣♣♣...#
♣....♣ ♣♣♣♣♣.#...##
♣♣♣..♣♣♣........##
...........###


You could see 4 death yaks, a boggart, a friendly stone giant (summoned,
berserk) and a friendly rust devil (summoned).

Vanquished Creatures
  An orc warlord (Bailey)
  2 hydras
  A two-headed ogre (D:9)
  The ghost of GrumpyGrim72 the Thaumaturge, a novice DrCj of Vehumet (D:10)
  A skyshark (Lair:4)
  2 orc knights (Bailey)
  A manticore (Lair:2)
  8 elephants
  3 black mambas
  The ghost of Gatsu the Ducker, a novice MfGl of Okawaru (D:5)
  6 cane toads
  A torpor snail (Lair:1)
  7 komodo dragons
  Psyche (D:10)
  3 kobold demonologists (D:10)
  3 polar bears
  A troll (D:7)
  3 hornets
  A meliai (Lair:1)
  A wind drake (Lair:2)
  11 blink frogs
  5 dream sheep
  10 spriggans (Lair:5)
  A wraith (D:9)
  5 wyverns
  46 yaks
  A vampire (D:10)
  2 basilisks
  A steam dragon (D:6)
  2 acid dragons
  9 water moccasins
  12 orc warriors
  2 sky beasts (D:7)
  20 wolves
  7 black bears
  3 boggarts (Lair:5)
  4 ogres
  2 centaurs
  2 phantoms
  10 kobold brigands (D:10)
  10 bullfrogs
  2 scorpions
  9 wights
  11 killer bees
  2 electric eels (D:8)
  5 howler monkeys
  8 hounds
  A jelly (D:5)
  4 orc priests
  A gnoll bouda (D:6)
  6 iguanas
  2 sleepcaps (D:7)
  Terence (D:2)
  12 orc wizards
  6 hell rats
  7 adders
  4 gnolls (Bailey)
  A river rat (Sewer)
  2 shadow imps
  A white imp (D:5)
  2 ufetubi
  2 worms (D:3)
  4 dart slugs
  34 orcs
  8 ball pythons
  6 bats
  6 endoplasms
  7 giant cockroaches
  18 goblins
  23 hobgoblins
  8 jackals
  6 quokkas
  A frilled lizard (D:3)
  13 kobolds
  16 rats
452 creatures vanquished.

Vanquished Creatures (collateral kills)
  4 elephants (Lair:5)
  A kobold demonologist (D:10)
  A polar bear (Lair:5)
  2 hornets (Lair:5)
  A spriggan (Lair:5)
  A yak (D:7)
  4 wolves (Lair:5)
  A boggart (Lair:5)
  2 kobold brigands (D:10)
  A scorpion (D:4)
  3 killer bees
  An orc priest (D:7)
  A dart slug (D:5)
  2 orcs
  A hobgoblin (Bailey)
  2 kobolds (D:10)
  A goblin (Bailey)
29 creatures vanquished.

Grand Total: 481 creatures vanquished

Notes
Turn   | Place    | Note
-------+----------+-------------------------------------------
     0 | D:1      | eliilek the Demonspawn Berserker began the quest for the
                  | Orb.
     0 | D:1      | Reached XP level 1. HP: 18/18 MP: 1/1
   116 | D:1      | Gained mutation: You have a pair of small horns on your
                  | head. [demonic ancestry]
   116 | D:1      | Reached XP level 2. HP: 19/24 MP: 2/2
   181 | D:1      | Reached skill level 3 in Maces & Flails
   213 | D:1      | Reached ** piety under Trog
   323 | D:1      | Gained mutation: Your demonic aura sometimes causes spilled
                  | blood to erupt in flames. [demonic ancestry]
   323 | D:1      | Reached XP level 3. HP: 29/29 MP: 3/3
  1067 | D:2      | Noticed Terence
  1083 | D:2      | Killed Terence
  1084 | D:2      | Gained mutation: A weak demonic guardian rushes to your
                  | aid. [demonic ancestry]
  1084 | D:2      | Reached XP level 4. HP: 4/35 MP: 4/4
  1470 | D:2      | Found a shimmering altar of Xom.
  2436 | D:4      | Noticed a scorpion
  2439 | D:4      | Found a staircase to the Ecumenical Temple.
  2455 | D:4      | Gained mutation: You have an unusually large brain. (Int
                  | +2) [demonic ancestry]
  2455 | D:4      | Reached XP level 5. HP: 42/42 MP: 5/5
  2456 | D:4      | Reached skill level 4 in Maces & Flails
  2465 | D:4      | Found a glowing drain.
  2484 | D:4      | Reached *** piety under Trog
  2519 | D:4      | Gained mutation: You have a pair of horns on your head.
                  | [demonic ancestry]
  2519 | D:4      | Reached XP level 6. HP: 25/48 MP: 6/6
  2659 | Sewer    | Entered a sewer
  3007 | D:4      | Found Qaot's Antique Weapon Boutique.
  3182 | D:4      | Reached skill level 5 in Maces & Flails
  3245 | D:5      | Entered Level 5 of the Dungeon
  3252 | D:5      | Reached XP level 7. HP: 55/55 MP: 7/7
  3381 | D:5      | Reached **** piety under Trog
  3756 | D:5      | Found a radiant altar of Vehumet.
  3929 | D:5      | Reached skill level 5 in Fighting
  3929 | D:5      | Reached skill level 6 in Maces & Flails
  4020 | D:5      | Gained mutation: You have an extremely huge brain. (Int +4)
                  | [demonic ancestry]
  4020 | D:5      | Reached XP level 8. HP: 62/62 MP: 8/8
  4299 | D:5      | Found a runed translucent gate.
  4301 | D:5      | Found a runed translucent gate.
  4301 | D:5      | Found a runed translucent gate.
  4305 | D:5      | Noticed Gatsu's ghost (novice MfGl)
  4501 | D:5      | Killed Gatsu's ghost
  4542 | D:6      | Found Doapafext's Weapon Shop.
  4542 | D:6      | Found Hezanwoy's Magic Scroll Shop.
  4549 | D:5      | Reached skill level 5 in Armour
  4659 | D:6      | Found Imoz's Assorted Antiques.
  4678 | D:6      | Reached skill level 7 in Maces & Flails
  4742 | D:6      | Bought 3 scrolls of identify for 78 gold pieces
  4742 | D:6      | Bought a scroll of blinking for 97 gold pieces
  4988 | D:6      | Reached XP level 9. HP: 65/69 MP: 9/9
  5499 | D:7      | Found a flagged portal.
  5573 | Bailey   | Entered a bailey
  5630 | Bailey   | Reached ***** piety under Trog
  5639 | Bailey   | Reached skill level 8 in Maces & Flails
  5750 | Bailey   | Noticed an orc knight
  5794 | Bailey   | Killed an orc knight
  5964 | Bailey   | Noticed an orc knight
  5975 | Bailey   | Killed an orc knight
  5976 | Bailey   | Gained mutation: Your demonic aura often causes spilled
                  | blood to erupt in flames. [demonic ancestry]
  5976 | Bailey   | Reached XP level 10. HP: 79/79 MP: 10/10
  6033 | Bailey   | Noticed an orc warlord
  6050 | Bailey   | Killed an orc warlord
  6051 | Bailey   | Reached skill level 9 in Maces & Flails
  6210 | Bailey   | Identified the +0 leather armour of Gesm {MP+9 Str+3 Dex+4
                  | SInv}
  6696 | D:7      | Identified the +5 ring mail of New Discoveries {rElec
                  | Int+2}
  6814 | D:7      | Reached skill level 10 in Maces & Flails
  7786 | D:8      | Found an iron altar of Okawaru.
  7876 | D:8      | Paralysed by a hornet for 1 turns
  8026 | D:8      | Found a hide-covered altar of Uskayaw.
  8028 | D:8      | Found a bloodstained altar of Trog.
  8028 | D:8      | Found a shimmering altar of Xom.
  8028 | D:8      | Found a shadowy altar of Dithmenos.
  8035 | D:8      | Found a sparkling altar of Nemelex Xobeh.
  8035 | D:8      | Found an ornate altar of the Wu Jian Council.
  8167 | D:8      | Found a broken altar of Ashenzari.
  8377 | D:9      | Reached XP level 11. HP: 78/86 MP: 11/11
  8543 | D:9      | Noticed a two-headed ogre
  8560 | D:9      | Killed a two-headed ogre
  9034 | D:10     | Entered Level 10 of the Dungeon
  9218 | D:10     | Found Nuank's Assorted Antiques.
  9236 | D:10     | Bought a scroll of identify for 70 gold pieces
  9236 | D:10     | Bought a scroll of identify for 70 gold pieces
  9266 | D:10     | Noticed Psyche
  9273 | D:10     | Killed Psyche
  9274 | D:10     | Found Tyupa's Weapon Boutique.
  9319 | D:10     | Found Liakkor's Weapon Emporium.
  9365 | D:10     | Found a staircase to the Lair.
  9459 | D:10     | Reached skill level 10 in Armour
  9643 | D:10     | Reached skill level 11 in Maces & Flails
  9671 | D:10     | Found Neoz's Weapon Shop.
  9730 | D:10     | Found a transporter.
  9743 | D:10     | Found a transporter.
  9768 | D:10     | Found a transporter.
  9847 | D:10     | Found a runed translucent gate.
  9869 | D:10     | Found a runed translucent gate.
  9869 | D:10     | Found a runed translucent gate.
  9870 | D:10     | Noticed GrumpyGrim72's ghost (novice DrCj)
  9880 | D:10     | Noticed a sun demon
 10091 | D:10     | Found a transporter.
 10182 | D:10     | Killed GrumpyGrim72's ghost
 10519 | Lair:1   | Entered Level 1 of the Lair of Beasts
 10552 | Lair:1   | Reached skill level 12 in Maces & Flails
 10821 | Lair:1   | Reached XP level 12. HP: 85/97 MP: 12/12
 10822 | Lair:1   | Reached skill level 10 in Fighting
 11162 | Lair:1   | Reached skill level 13 in Maces & Flails
 11999 | Lair:2   | Found a hole to the Spider Nest.
 12353 | Lair:2   | Found a staircase to the Shoals.
 12959 | Lair:2   | Reached skill level 14 in Maces & Flails
 13502 | Lair:3   | Received a gift from Trog
 13941 | Lair:3   | Noticed a six-headed hydra
 13949 | Lair:3   | Killed a six-headed hydra
 13950 | Lair:3   | Gained mutation: You have an absolutely massive brain. (Int
                  | +6, Wiz) [demonic ancestry]
 13950 | Lair:3   | Reached XP level 13. HP: 98/106 MP: 13/13
 14670 | Lair:4   | Reached skill level 5 in Dodging
 15754 | Lair:5   | Entered Level 5 of the Lair of Beasts
 15894 | Lair:5   | Paralysed by a hornet for 1 turns
 16267 | Lair:5   | Received a gift from Trog
 16297 | Lair:5   | HP: 2/109 [death yak (6)]
 16330 | Lair:5   | Slain by a death yak

Illustrated notes

Levels and vault maps discovered:
D:1:      dpeg_arrival_long_road, layout_loops_ring, minmay_liquid_box,
          minivault_5, ebering_dispersal_statue_hall
D:2:      layout_loops_ring, basic_altar, uniq_terence
D:3:      layout_rooms, serial_park_tiny_pond, eino_tiny_chamber,
          hangedman_abyss_or_decor_stabs, kennysheep_generic_room_6
D:4:      layout_rooms, minmay_temple_entry_offerings, portal_sewer_entry_c,
          serial_shops, nicolae_shop_overgrown_old_shop
D:5:      layout_cave_pods, nicolae_overflow_hidden_temple, serial_column_ruins,
          column_ruins_square_small, column_ruins_grid_2,
          column_ruins_open_small, column_ruins_open_medium,
          column_ruins_corridor_straight, column_ruins_open_tiny,
          ebering_ghost_rock_garden
D:6:      layout_gridville, nicolae_shop_distant_corner_stores, st_stairs_2
D:7:      layout_rooms, enter_bailey_2, serial_aquarium,
          aquarium_bridge_straight [aquarium_subvault_bridge,
          aquarium_subvault_wall, aquarium_subvault_bridge,
          aquarium_subvault_window], aquarium_bridge_square
          [aquarium_subvault_wall, aquarium_subvault_bridge,
          aquarium_subvault_bridge, aquarium_subvault_balcony],
          aquarium_window_2, aquarium_window_fake, aquarium_window_1,
          aquarium_window_1, aquarium_view_2c, aquarium_balcony_1a,
          minmay_misc_feat_chi, small_statue_alley_b, minmay_manual_mail
D:8:      layout_basic, kennysheep_okawaru_gauntlet, minmay_overflow_temple_hex,
          cheibrodos_ashenzari_chains, nicolae_water_bricks
D:9:      layout_loops_ring
D:10:     layout_grid_maze, david_lair_generic, gammafunk_ghost_nasty_kobolds,
          serial_shops, shop, shop, nicolae_shop_tiny_statue_garden,
          nicolae_shop_overgrown_old_shop, nicolae_transporter_circle,
          uniq_psyche
Lair:1:   layout_concentric_octagons, infiniplex_staircase_pool
Lair:2:   layout_chaotic_city, minmay_shoals_entry_beasts,
          hellmonk_spider_entry_not_the_bees, beast_lair_carwin_2
Lair:3:   layout_regular_city, lemuel_fruit_tree, grunt_megastairs_5
Lair:4:   layout_cave_pods, minivault_11
Lair:5:   minmay_lair_end_enchanted_forest, layout_cave_pods, slime_entry_1

Skill      XL: |  1  2  3  4  5  6  7  8  9 10 11 12 13 |
---------------+----------------------------------------+-----
Maces & Flails | 3 4 5 6 7 8 10 12 14 | 14.8
Armour         | 2 3 4 6 7 9 10 11 | 11.2
Dodging        | 2 3 4 6 |  6.6
Fighting       | 4 5 6 7 8 9 11 12 | 12.5

Action                     |  1- 3 |  4- 6 |  7- 9 | 10-12 | 13-15 || total
---------------------------+-------+-------+-------+-------+-------++-------
  Melee: Mace              |   119 |    70 |       |       |       ||   189
         Punch             |     3 |     1 |     8 |    15 |       ||    27
         Headbutt          |    13 |    27 |    60 |   117 |    37 ||   254
         Flail             |       |   120 |   272 |   516 |       ||   908
         Great mace        |       |       |       |    33 |   178 ||   211
  Throw: Dart              |       |     1 |       |     3 |       ||     4
 Invoke: Berserk           |     1 |     2 |     3 |     3 |     1 ||    10
         Brothers in Arms  |       |       |     1 |     4 |     2 ||     7
         Trog's Hand       |       |       |     1 |       |       ||     1
    Use: Scroll            |       |     1 |    14 |     9 |     2 ||    26
         Potion            |       |       |     1 |       |     1 ||     2
   Stab: Sleeping          |     1 |       |       |       |       ||     1
         Distracted        |       |       |       |     1 |     1 ||     2
 Armour: Animal skin       |    24 |       |       |       |       ||    24
         Chain mail        |       |   154 |    12 |       |       ||   166
         Plate armour      |       |       |   167 |   471 |   209 ||   847
  Dodge: Dodged            |    96 |   102 |   113 |   236 |   174 ||   721
